 Dungeon Crawl Stone Soup version 0.27-a0-1200-g94dc6ad4cf (webtiles) character file.

Game seed: 10882817978158184055

50 27snakeeyes612 the Slasher (level 3, -1/51 HPs)
             Began as a Naga Berserker on June 1, 2021.
             Was a Believer of Trog.
             Killed from afar by an orc wizard (6 damage)
             ... with a puff of flame
             ... on level 2 of the Dungeon.
             The game lasted 00:01:01 (2179 turns).

27snakeeyes612 the Slasher (Naga Berserker)         Turns: 2179, Time: 00:01:02

Health: -1/51      AC:  2    Str: 20    XL:     3   Next: 79%
Magic:  3/3        EV:  9    Int:  7    God:    Trog [**....]
Gold:   96         SH:  0    Dex: 10    Spells: 2/2 levels left

rFire    . . .     SeeInvis +   a - +0 falchion
rCold    . . .     Faith    .   (no shield)
rNeg     . . .     Spirit   .   b - +0 animal skin
rPois    +         Reflect  .   (no helmet)
rElec    .         Harm     .   (no cloak)
rCorr    .         Rampage  .   (no gloves)
Will     ++...                  (no barding)
Stlth    ..........             (no amulet)
HPRegen  1.17/turn              (no ring)
MPRegen  0.08/turn              (no ring)

@: berserking, strong-willed, regenerating, quick
A: AC +1, large, see invisible, deformed body, poison resistance, slowness 2,
spit poison 1, naga tail 1
a: Spit Poison, Renounce Religion, Berserk, Trog's Hand


You were on level 2 of the Dungeon.
You worshipped Trog.
Trog was pleased with you.
You visited 1 branch of the dungeon, and saw 3 of its levels.

You collected 96 gold pieces.

Inventory:

Hand Weapons
 a - a +0 falchion (weapon)
Armour
 b - a +0 animal skin (worn)
Jewellery
 h - a ring of see invisible
Scrolls
 c - 2 scrolls of magic mapping {unknown}
 e - a scroll of acquirement {unknown}
 f - 2 scrolls of noise {unknown}
 g - 4 scrolls of identify {unknown}
Potions
 d - a potion of resistance {unknown}
 i - 2 potions of curing {unknown}
 j - 2 potions of heal wounds {unknown}


   Skills:
 + Level 3.2 Fighting
 + Level 4.1 Long Blades
 + Level 1.6 Armour
 + Level 1.7 Dodging
 + Level 1.1 Stealth


You had 2 spell levels left.
You didn't know any spells.
Your spell library was empty.

Dungeon Overview and Level Annotations

Branches:
Dungeon (3/15)

Altars:


Innate Abilities, Weirdness & Mutations

Your serpentine skin is tough. (AC +1)
You have supernaturally acute eyesight. (SInv)
Armour fits poorly on your strangely shaped body.
Your system is resistant to poisons. (rPois)
You cover ground very slowly.
You can spit poison.
You have a snake-like lower body.


Message History

Key pressed, stopping explore.
Done exploring.
Done exploring.
Done exploring.
No target in view!
(D) Dungeon
Where to? (Enter - D:2, ? - help)
What level of the Dungeon? (default 1, ? - help)
There is a stone staircase leading down here.
You climb downwards.
You hear the sound of rushing water.
There is an entrance to a sewer on this level.
Hurry and find it before the portal rusts away!
An orc, an orc priest and an orc wizard come into view.
Found a whip and 16 gold pieces.
Found an escape hatch in the floor.
Found a stone staircase leading down.
There is a stone staircase leading up here.
There are monsters nearby!
The orc priest shouts!
The orc wizard shouts!
The orc shouts!
The orc priest calls down the wrath of Beogh upon you.
Beogh smites you!
There is a stone staircase leading up here.
The orc hits you with a +0 mace.
The orc wizard hits you with a +0 dagger.
The orc priest mumbles some strange prayers to Beogh against you.
Beogh smites you!
* * * LOW HITPOINT WARNING * * *
You climb upwards.
There is a stone staircase leading down here.
Your skin crawls.
You feel strong-willed. The orc barely misses you.
The orc wizard hits you with a +0 dagger.
* * * LOW HITPOINT WARNING * * *
A red film seems to cover your vision as you go berserk!
You feel yourself moving faster!
You feel mighty! The orc hits you with a +0 mace.
* * * LOW HITPOINT WARNING * * *
The orc wizard casts a spell at you. The puff of flame hits you.
You die...

.#.....###.##.#
.####### #.##.#
## #.##.# #
#.##.## ##
#..#..# .##
##....# ..##
####.### ...#
#.oo# ...#
#..@# ...#
##### ...# ...#
..## .## ##


You could see an orc wizard and an orc.

Vanquished Creatures
  An adder (D:2)
  3 dart slugs
  An endoplasm (D:1)
  A giant cockroach (D:2)
  4 goblins (D:1)
  3 hobgoblins
  7 jackals (D:2)
  A quokka (D:2)
  3 ball pythons
  3 bats
  2 kobolds (D:1)
  2 rats (D:1)
31 creatures vanquished.

Vanquished Creatures (others)
  18 plants (D:2)
18 creatures vanquished.

Grand Total: 49 creatures vanquished

Notes
Turn   | Place    | Note
-------+----------+-------------------------------------------
     0 | D:1      | 27snakeeyes612 the Naga Berserker began the quest for the
                  | Orb.
     0 | D:1      | Reached XP level 1. HP: 21/21 MP: 1/1
   179 | D:1      | Reached XP level 2. HP: 16/28 MP: 2/2
   572 | D:1      | Found a faded altar of an unknown god.
  1125 | D:2      | Reached XP level 3. HP: 31/34 MP: 3/3
  1339 | D:2      | Reached ** piety under Trog
  1479 | D:2      | Reached skill level 4 in Long Blades
  1834 | D:2      | Reached skill level 1 in Stealth
  2179 | D:2      | Killed from afar by an orc wizard

Illustrated notes

Levels and vault maps discovered:
D:1:      shiori_shiawase, layout_rooms, hellmonk_ecumenical_altar_prayer_group,
          minmay_pentomino_t2
D:2:      layout_rooms, chequers_serial_rivers_micro_a, kennysheep_boxes
D:3:      kennysheep_six_static_rooms, layout_basic, kennysheep_vampire_church,
          grunt_temple_overflow_open, portal_sewer_entry_b,
          hangedman_decor_points

Skill      XL: |  1  2  3 |
---------------+----------+-----
Long Blades    | 4 |  4.1
Stealth        | 1 |  1.1
Fighting       | |  3.2
Armour         | |  1.6
Dodging        | |  1.7

Action                   || total
-------------------------++-------
Melee: Falchion          ||    89
Invok: Berserk           ||     1
       Trog's Hand       ||     1
 Stab: Sleeping          ||     1
Armor: Animal skin       ||    20
Dodge: Dodged            ||    39
       Rpst.: Falchion   ||    11

Table legend: (Time is in decaauts)
 A = Elapsed time spent in this place.
 B = Non-inter-level travel time spent in this place.
 C = Inter-level travel time spent in this place.
 D = Time resting spent in this place.
 E = Time spent auto-exploring this place.
 F = Levels seen in this place.
 G = Mean time per level.
                   A        B        C        D        E       F      G
               +--------+--------+--------+--------+--------+-----+--------+
         Total |   2562 |   2476 |     86 |    239 |   2026 |   3 |  854.0 |
       Dungeon |   2562 |   2476 |     86 |    239 |   2026 |   3 |  854.0 |
               +--------+--------+--------+--------+--------+-----+--------+

Top non-repeatable levels by time:
     D:1: 1281 daAuts
     D:2: 1276 daAuts
     D:3: 5 daAuts
